 Dungeon Crawl Stone Soup version 0.17-a0-1596-g1e86911 (webtiles) character file.

56 karlkraus the Covered (level 3, -2/33 HPs)
             Began as a Minotaur Fighter on July 30, 2015.
             Slain by Crazy Yiuf
             ... wielding a +4 quarterstaff of chaos
              (11 damage)
             ... while paralysed by Crazy Yiuf
             ... on level 2 of the Dungeon.
             The game lasted 00:02:50 (1070 turns).

karlkraus the Covered (Minotaur Fighter)            Turns: 1070, Time: 00:02:51

Health: -2/33      AC:  7    Str: 26    XL:     3   Next: 69%
Magic:  2/2        EV:  2    Int:  5    God:
Gold:   81         SH:  0    Dex:  9    Spells: 0 memorised, 2 levels left

rFire  . . .     SeeInvis .     a - +0 flail
rCold  . . .     Clarity  .     b - +0 scale mail
rNeg   . . .     SustAt   .     c - +0 shield
rPois  .         Gourm    .     (helmet restricted)
rElec  .         Spirit   .     (no cloak)
rCorr  .         Warding  .     (no gloves)
rMut   .         Stasis   .     (no boots)
MR     .....                    (no amulet)
Stlth  ..........               (no ring)
                                (no ring)

@: paralysed, mighty, very slightly contaminated, hasted, not resistant to
hostile enchantments, extremely unstealthy
A: retaliatory headbutt, horns 2
a: no special abilities


You were on level 2 of the Dungeon.
You were hungry.

You visited 1 branch of the dungeon, and saw 2 of its levels.

You collected 81 gold pieces.

Inventory:

Hand weapons
 a - a +0 flail (weapon)
Armour
 b - a +0 scale mail (worn)
 c - a +0 shield (worn)
Scrolls
 g - a scroll of noise {unknown}
 h - 2 scrolls of identify {unknown}
 l - a scroll of blinking {unknown}
 m - a scroll of magic mapping {unknown}
 n - a scroll of amnesia {unknown}
 p - a scroll of remove curse {unknown}
Potions
 f - a potion of curing {unknown}
 i - a potion of ambrosia {unknown}
 k - 2 potions of invisibility {unknown}
 o - a potion of heal wounds {unknown}
Comestibles
 e - 2 bread rations
 j - 4 fruits


   Skills:
 + Level 4.1 Fighting
 + Level 2.8 Maces & Flails
 + Level 4.4 Armour
 + Level 0.9 Dodging
 + Level 4.2 Shields


You had 2 spell levels left.
You didn't know any spells.

Dungeon Overview and Level Annotations

Branches:
Dungeon (2/15)

Altars:

Annotations:
D:2 Crazy Yiuf


Innate Abilities, Weirdness & Mutations

You reflexively headbutt those who attack you in melee.
You have a pair of horns on your head.


Message History

Crazy Yiuf is lightly wounded.
Crazy Yiuf grits, "Two unthinkable dark!"
Crazy Yiuf hits you with a quarterstaff of chaos.
You hit Crazy Yiuf.
You headbutt Crazy Yiuf, but do no damage.
Crazy Yiuf is lightly wounded.
Crazy Yiuf hits you with a quarterstaff of chaos!
Crazy Yiuf burns you.
Crazy Yiuf glowers.
Crazy Yiuf hits you but does no damage.
Drink which item? (? for menu, Esc to quit)
You feel very mighty all of a sudden.
Crazy Yiuf hits you with a quarterstaff of chaos.
You suddenly lose the ability to move!
Crazy Yiuf hits you with a quarterstaff of chaos.
* * * LOW HITPOINT WARNING * * *
You feel yourself speed up.
You are very lightly contaminated with residual magic.
Crazy Yiuf hits you with a quarterstaff of chaos!
You die...

#.#
#######....####.#####.#
#.# #....# #...####.#
#.> #....# #........#
#.. ##...# ###.######
##.## #.# ##.# #.# #.##
#.# ##.# #.# #@## #.#
#g# #.# ... #.# #...#
#.# #)..# #.# # #####
#.######.# #......#..
######.#.# #.#.#


You could see Crazy Yiuf.

Vanquished Creatures
  An adder (D:2)
  2 oozes (D:1)
  A worm (D:2)
  A ball python (D:1)
  3 bats
  A giant cockroach (D:1)
  6 goblins
  4 hobgoblins (D:1)
  4 kobolds (D:1)
  4 giant geckos
  A giant newt (D:2)
  3 rats
31 creatures vanquished.

Notes
Turn   | Place    | Note
--------------------------------------------------------------
     0 | D:1      | karlkraus the Minotaur Fighter began the quest for the Orb.
     0 | D:1      | Reached XP level 1. HP: 19/19 MP: 0/0
   105 | D:1      | Reached XP level 2. HP: 24/27 MP: 1/1
   232 | D:1      | Reached skill level 4 in Shields
   523 | D:1      | Reached XP level 3. HP: 33/33 MP: 2/2
   670 | D:2      | Found a faded altar to an unknown god.
  1061 | D:2      | Noticed Crazy Yiuf
  1067 | D:2      | Paralysed by Crazy Yiuf for 7 turns
  1070 | D:2      | Slain by Crazy Yiuf

Vault maps used:
D:1:      minmay_arrival_diagonal_passages, st_stairs_4
D:2:      ecumenical_altar_1, roderic_lattice_a, st_stairs_5,
          grunt_ministairs_6, makhleb_altar_promises_db, uniq_sigmund,
          uniq_crazy_yiuf_cottage

Action                   || total
-------------------------++-------
Melee: Flail             ||    85
  Use: Potion            ||     1
